 Dungeon Crawl Stone Soup version 0.31-a0-640-g39d97e502b (webtiles) character file.

Game seed: 14810979373812988960

9210 qw the Skirmisher (level 11, -5/71 HPs)
             Began as a Gargoyle Hunter on Aug 27, 2023.
             Was an Elder of Okawaru.
             Slain by a vampire mosquito (8 damage)
             ... on level 11 of the Dungeon.
             The game lasted 00:04:28 (9143 turns).

qw the Skirmisher (Gargoyle Hunter)                 Turns: 9143, Time: 00:04:29

Health: -5/71      AC: 15    Str: 22    XL:     11   Next: 42%
Magic:  14/15      EV: 17    Int:  9    God:    Okawaru [****..]
Gold:   618        SH:  5    Dex: 17    Spells: 10/10 levels left

rFire   + . .        Y - +2 orcbow (flame)
rCold   + . .        (shield currently unavailable)
rNeg    + . .        j - +1 steam dragon scales
rPois   inf          (no helmet)
rElec   +            e - scarf {rC+ rF+}
rCorr   .            (no gloves)
SInv    .            (no boots)
Will    .....        n - amulet of reflection
Stlth   +++          h - +6 ring of strength
HPRegen 0.31/turn    (no ring)
MPRegen 0.14/turn

%: reflection
@: about to teleport, heroic
A: sickness immunity, AC +8, negative energy resistance 1, electricity
resistance, torment resistance 1, petrification resistance
a: Renounce Religion, Heroism, Finesse


You were on level 11 of the Dungeon.
You worshipped Okawaru.
Okawaru was greatly pleased with you.
You visited 2 branches of the dungeon, and saw 11 of its levels.

You collected 708 gold pieces.
You spent 90 gold pieces at shops.


Innate Abilities, Weirdness & Mutations

You are immune to sickness and miasma.
Your stone body is resilient. (AC +8)
You are immune to poison.
You resist negative energy. (rN+)
You are resistant to electric shocks. (rElec)
You are resistant to unholy torment.
You are immune to petrification.


   Skills:
 + Level 9.1(14.1) Fighting
 - Level 14.0(19.0) Ranged Weapons
 - Level 3.0(8.0) Armour
 - Level 4.5(9.5) Dodging
 - Level 1.1(6.1) Stealth
 + Level 5.3 Invocations


You had 10 spell levels left.
You didn't know any spells.
Your spell library was empty.

Inventory:

Hand Weapons
 Y - a +2 orcbow of flaming (weapon)
Armour
 b - a +2 robe of fire resistance
 d - a +0 cloak
 e - a scarf of resistance (worn)
 j - +1 steam dragon scales (worn)
Jewellery
 h - a +6 ring of strength (left hand)
 n - an amulet of reflection (around neck)
Scrolls
 a - a scroll of identify
 c - 2 scrolls of teleportation
Potions
 f - a potion of mutation
 g - 3 potions of resistance
 i - a potion of might
 k - 5 potions of curing
 l - a potion of haste
 o - a potion of brilliance {unknown}

Dungeon Overview and Level Annotations

Branches:
Dungeon (9/15)             Temple (1/1) D:4             Orc (0/2) D:9
   Lair: D:8-11

Altars:
Ashenzari
Cheibriados
Dithmenos
Elyvilon
Fedhas
Gozag
Hepliaklqana
Kikubaaqudgha
Makhleb
Nemelex Xobeh
Okawaru
Qazlal
Ru
Sif Muna
Trog
Uskayaw
Vehumet
Wu Jian
Xom
Yredelemnul
Zin
The Shining One
Lugonu

Portals:
Abyss: D:5

Annotations:
D:4 1 runed translucent door
D:5 2 runed translucent doors, qw's ghost, amateur MiHs
D:6 1 runed translucent door, Crazy Yiuf


Message History

You shoot an arrow.
The arrow barely misses the skeletal warrior.
You shoot an arrow.
The arrow barely misses the skeletal warrior.
The centaur wields a +0 orcbow.
The centaur shoots an arrow.
The arrow barely misses you.
The skeletal warrior hits you from afar with a +0 trident.
The skeletal warrior barely misses you.
You shoot an arrow. The arrow hits the skeletal warrior.
The arrow burns the skeletal warrior.
The skeletal warrior is severely damaged.
The skeletal warrior closely misses you. x2
The skeletal warrior hits you from afar with a +0 trident!
You shoot an arrow. The arrow hits the skeletal warrior!
The arrow burns the skeletal warrior.
The skeletal warrior is almost destroyed.
You shoot an arrow. The arrow hits the skeletal warrior!
The arrow burns the skeletal warrior.
You destroy the skeletal warrior!
Okawaru accepts your kill.
Your surroundings suddenly seem different. 3 vampire mosquitoes come into view.
Found 12 gold pieces.
Your base Armour skill increases to level 3!
Your Invocations skill increases to level 5!
9141 ||| READING 3 scrolls of teleportation.
As you read the scroll of teleportation, it crumbles to dust.
You feel strangely unstable.
The vampire mosquito buzzes angrily. x2; You hear a shout! x3
A kobold comes into view. It is wielding a +0 whip.
The vampire mosquito buzzes angrily.
You shoot an arrow. The arrow misses the vampire mosquito.
You hear a shout!
The vampire mosquito completely misses you.
The vampire mosquito misses you.
You shoot an arrow. The arrow hits the vampire mosquito!
The arrow burns the vampire mosquito.
The vampire mosquito is almost destroyed.
The vampire mosquito bites you!
You die...

# ## ## ..
##.##.## ##
...##......#...
...............
...............
........y......
.......@yy...K.
...............
...............
...............
...............
...........$...
###............
#............


You could see 3 vampire mosquitoes and a kobold.

Vanquished Creatures
  A two-headed ogre (D:9)
  A skeletal warrior (D:11)
  A deep elf pyromancer (D:8)
  An ugly thing (D:9)
  Maurice (D:8)
  2 gargoyles (D:8)
  Maggie (D:6)
  An ice devil (D:8)
  A wyvern (D:8)
  2 fire elementals (D:8)
  A steam dragon (D:8)
  6 yaks (D:6)
  Edmund (D:6)
  2 orc warriors
  3 black bears
  3 sky beasts
  An ogre (D:5)
  2 centaurs
  2 kobold brigands
  2 phantoms (D:5)
  A gnoll sergeant (D:9)
  2 scorpions
  17 wights
  13 killer bees
  6 jellies
  7 howler monkeys
  4 hounds
  4 orc priests
  2 gnoll boudas
  A sleepcap (D:6)
  A human skeleton (D:4)
  5 iguanas
  7 orc wizards
  Ijyb (D:5)
  14 gnolls
  9 adders
  A white imp (D:6)
  An ufetubus (D:7)
  4 worms
  21 orcs
  8 endoplasms
  3 giant cockroaches
  9 goblins
  7 hobgoblins
  5 quokkas
  9 ball pythons
  8 bats
  5 frilled lizards
  21 kobolds
  4 rats
  A lurking horror (D:5)
236 creatures vanquished.

Vanquished Creatures (others)
  2 steam dragons (D:8)
2 creatures vanquished.

Grand Total: 238 creatures vanquished

Notes
Turn   | Place    | Note
-------+----------+-------------------------------------------
     0 | D:1      | qw the Gargoyle Hunter began the quest for the Orb.
     0 | D:1      | Reached XP level 1. HP: 12/12 MP: 1/1
     0 | D:1      | 0 ||| qw: Version: 0.3-a-74-g0d5e918
     0 | D:1      | 0 ||| qw: Game counter: 120
     0 | D:1      | 0 ||| qw: Melee chars always use a shield: true
     0 | D:1      | 0 ||| qw: God list: Okawaru
     0 | D:1      | 0 ||| qw: Allow faded altars: false
     0 | D:1      | 0 ||| qw: Do Orc after clearing Dungeon:15 true
     0 | D:1      | 0 ||| qw: Do second Lair branch before Depths: true
     0 | D:1      | 0 ||| qw: Lair rune preference: random
     0 | D:1      | 0 ||| qw: Goals: Normal
     0 | D:1      | 0 ||| PLANNING D:1-11
    79 | D:1      | Reached XP level 2. HP: 17/17 MP: 2/2
   835 | D:1      | 835 ||| UPGRADING to scarf of resistance.
   840 | D:1      | 840 ||| READING scroll labelled COALEI AFINE.
   841 | D:1      | 841 ||| READING scroll labelled NOMUIH IN YHO.
   842 | D:1      | 842 ||| READING scroll labelled YFIALO XAOG.
   843 | D:1      | 843 ||| READING scroll labelled ESI TOGAPYI.
   844 | D:1      | 844 ||| DRINKING 2 smoky green potions.
   845 | D:1      | 845 ||| DRINKING 2 pink potions.
   870 | D:1      | 870 ||| DROPPING scroll of butterflies.
   871 | D:1      | 871 ||| DROPPING potion of degeneration.
   872 | D:1      | 872 ||| DROPPING potion of lignification.
   926 | D:2      | Reached skill level 5 in Ranged Weapons
   926 | D:2      | Reached XP level 3. HP: 20/21 MP: 3/3
  1052 | D:2      | Reached skill level 3 in Fighting
  1052 | D:2      | Reached XP level 4. HP: 24/29 MP: 4/4
  1496 | D:2      | Identified the +11 whip of Eternal Vigilance {freeze,
                  | +Blink rF- Str+2}
  1630 | D:2      | 1630 ||| READING scroll labelled IBUILY FIUPS.
  1633 | D:2      | 1633 ||| READING scroll labelled XUONTIGR XESS.
  1700 | D:3      | Found a white marble altar of Elyvilon.
  1701 | D:3      | Found a shimmering blue altar of Sif Muna.
  1707 | D:3      | Found a sacrificial altar of Ru.
  1712 | D:3      | Found a radiant altar of Vehumet.
  1712 | D:3      | Found an ancient bone altar of Kikubaaqudgha.
  1715 | D:3      | Found a sparkling altar of Nemelex Xobeh.
  1720 | D:3      | Found a shadowy altar of Dithmenos.
  1772 | D:3      | Reached XP level 5. HP: 33/33 MP: 5/5
  2396 | D:3      | 2396 ||| READING 2 scrolls labelled LAGOAQ GOHY.
  2497 | D:3      | 2497 ||| DRINKING 2 golden potions.
  2498 | D:3      | 2498 ||| DROPPING scroll of silence.
  2584 | D:4      | Reached skill level 6 in Ranged Weapons
  2624 | D:4      | Found a runed translucent door.
  2624 | D:4      | Noticed a human
  2626 | D:4      | Found a basalt altar of Yredelemnul.
  2841 | D:4      | Reached XP level 6. HP: 38/38 MP: 6/6
  2913 | D:4      | Reached skill level 7 in Ranged Weapons
  3013 | D:4      | 3013 ||| FLEEEEING.
  3014 | D:4      | 3014 ||| RETREATING.
  3016 | D:4      | 3016 ||| FLEEEEING.
  3028 | D:4      | 3028 ||| Stepping ~*~*~tactically~*~*~ (outnumbered).
  3039 | D:4      | Reached XP level 7. HP: 13/43 MP: 7/7
  3172 | D:4      | Found a staircase to the Ecumenical Temple.
  3173 | D:4      | 3173 ||| PLANNING TEMPLE
  3173 | D:4      | 3173 ||| UPGRADING to +0 ring mail.
  3183 | D:4      | 3183 ||| DROPPING +0 leather armour.
  3184 | D:4      | 3184 ||| READING scroll labelled RIPONE BOELOESM.
  3185 | D:4      | 3185 ||| READING scroll labelled UWKACS OMUIXTAHOS.
  3186 | D:4      | 3186 ||| READING 2 scrolls of identify.
  3186 | D:4      | 3186 ||| IDENTIFYING fuming yellow potion
  3195 | Temple   | Entered the Ecumenical Temple
  3196 | Temple   | 3196 ||| PLANNING OKAWARU WORSHIP
  3208 | Temple   | Became a worshipper of Warmaster Okawaru
  3209 | Temple   | 3209 ||| PLANNING D:1-11
  3277 | D:4      | Reached skill level 1 in Armour
  3535 | D:4      | Found a burning altar of Makhleb.
  3658 | D:5      | Entered Level 5 of the Dungeon
  3684 | D:5      | 3684 ||| Stepping ~*~*~tactically~*~*~ (outnumbered).
  3685 | D:5      | 3685 ||| FLEEEEING.
  3879 | D:5      | Identified the +0 robe of Unambiguity {rF- rC- Int+4 SInv}
  3886 | D:5      | Found an opulent altar of Gozag.
  3894 | D:5      | Noticed Ijyb
  3903 | D:5      | Killed Ijyb
  3904 | D:5      | Reached skill level 8 in Ranged Weapons
  3999 | D:5      | Found a corrupted altar of Lugonu.
  3999 | D:5      | Found a one-way gate to the infinite horrors of the Abyss.
  4031 | D:5      | Found a large runed translucent door.
  4032 | D:5      | Found a large runed translucent door.
  4224 | D:5      | Reached * piety under Okawaru
  4264 | D:5      | Identified the +1 mace "Yquiru" {flame, Will- Dex+6}
  4283 | D:5      | 4283 ||| INVOKING Heroism.
  4290 | D:5      | Reached XP level 8. HP: 49/49 MP: 5/8
  4303 | D:5      | Reached skill level 1 in Invocations
  4342 | D:5      | Found a snail-covered altar of Cheibriados.
  4343 | D:5      | 4343 ||| UPGRADING to amulet of regeneration.
  4348 | D:5      | 4348 ||| UPGRADING to amulet of reflection.
  4358 | D:5      | 4358 ||| DROPPING amulet of regeneration.
  4359 | D:5      | 4359 ||| DRINKING 2 cyan potions.
  4360 | D:5      | 4360 ||| READING 3 scrolls of identify.
  4360 | D:5      | 4360 ||| IDENTIFYING black potion
  4361 | D:5      | 4361 ||| READING 2 scrolls of identify.
  4361 | D:5      | 4361 ||| IDENTIFYING bubbling green potion
  4362 | D:5      | 4362 ||| DROPPING potion of attraction.
  4476 | D:5      | Noticed qw's ghost (amateur MiHs)
  4640 | D:6      | 4640 ||| FLEEEEING.
  4641 | D:6      | 4641 ||| FLEEEEING.
  4642 | D:6      | 4642 ||| FLEEEEING.
  4643 | D:6      | 4643 ||| FLEEEEING.
  4724 | D:6      | Noticed Maggie
  4725 | D:6      | 4725 ||| RETREATING.
  4734 | D:6      | 4734 ||| INVOKING Heroism.
  4747 | D:6      | Killed Maggie
  4748 | D:6      | Reached skill level 9 in Ranged Weapons
  4879 | D:6      | 4879 ||| Stepping ~*~*~tactically~*~*~ (outnumbered).
  4887 | D:6      | 4887 ||| Stepping ~*~*~tactically~*~*~ (outnumbered).
  4904 | D:6      | 4904 ||| INVOKING Heroism.
  5034 | D:6      | Reached skill level 6 in Fighting
  5073 | D:6      | 5073 ||| INVOKING Heroism.
  5074 | D:6      | 5074 ||| RETREATING.
  5081 | D:6      | Reached XP level 9. HP: 56/56 MP: 9/12
  5105 | D:6      | 5105 ||| SWAPPING to +0 orcbow.
  5106 | D:6      | 5106 ||| DROPPING +1 shortbow.
  5107 | D:6      | 5107 ||| READING scroll of enchant weapon.
  5107 | D:6      | 5107 ||| ENCHANTING +0 orcbow.
  5143 | D:6      | Reached skill level 10 in Ranged Weapons
  5158 | D:6      | 5158 ||| INVOKING Heroism.
  5199 | D:6      | Noticed Edmund
  5200 | D:6      | 5200 ||| INVOKING Heroism.
  5212 | D:6      | Killed Edmund
  5279 | D:6      | Found a runed translucent door.
  5280 | D:6      | Noticed Crazy Yiuf
  5479 | D:6      | 5479 ||| INVOKING Heroism.
  5606 | D:6      | 5606 ||| READING scroll of enchant weapon.
  5606 | D:6      | 5606 ||| ENCHANTING +1 orcbow.
  5641 | D:6      | 5641 ||| RETREATING.
  5658 | D:6      | 5658 ||| RETREATING.
  5660 | D:6      | 5660 ||| RETREATING.
  5677 | D:6      | Reached ** piety under Okawaru
  5679 | D:6      | Reached skill level 11 in Ranged Weapons
  5680 | D:6      | 5680 ||| INVOKING Heroism.
  5687 | D:6      | HP: 9/57 [yak (9)]
  5688 | D:6      | 5688 ||| READING 2 scrolls of teleportation.
  5689 | D:6      | 5689 ||| DRINKING potion of heal wounds.
  5819 | D:6      | Found an ornate altar of the Wu Jian Council.
  5876 | D:6      | Reached skill level 3 in Dodging
  6063 | D:6      | 6063 ||| UPGRADING to +0 steam dragon scales.
  6073 | D:6      | 6073 ||| DROPPING +0 ring mail.
  6074 | D:6      | 6074 ||| UPGRADING to +6 ring of strength.
  6075 | D:6      | 6075 ||| READING 2 scrolls of identify.
  6075 | D:6      | 6075 ||| IDENTIFYING fizzy sapphire potion
  6175 | D:7      | Reached XP level 10. HP: 64/64 MP: 13/13
  6276 | D:7      | 6276 ||| INVOKING Heroism.
  6514 | D:7      | 6514 ||| READING scroll of enchant armour.
  6514 | D:7      | 6514 ||| ENCHANTING +0 steam dragon scales.
  6617 | D:7      | 6617 ||| INVOKING Heroism.
  6710 | D:7      | 6710 ||| INVOKING Heroism.
  7153 | D:7      | 7153 ||| DROPPING +0 robe of Unambiguity {rF- rC- Int+4
                  | SInv}.
  7154 | D:7      | 7154 ||| READING scroll labelled TINOM LAUM OBLI.
  7155 | D:7      | 7155 ||| READING scroll labelled JAIDON RYZAH.
  7229 | D:8      | 7229 ||| INVOKING Heroism.
  7395 | D:8      | Noticed a gargoyle
  7400 | D:8      | 7400 ||| INVOKING Heroism.
  7406 | D:8      | Killed a gargoyle
  7407 | D:8      | Reached skill level 12 in Ranged Weapons
  7506 | D:8      | Noticed a deep elf pyromancer
  7517 | D:8      | Killed a deep elf pyromancer
  7517 | D:8      | Reached *** piety under Okawaru
  7578 | D:8      | 7578 ||| INVOKING Heroism.
  7649 | D:8      | Noticed a gargoyle
  7665 | D:8      | Killed a gargoyle
  7822 | D:8      | Reached skill level 13 in Ranged Weapons
  7833 | D:8      | 7833 ||| INVOKING Heroism.
  7854 | D:8      | Found a shimmering altar of Xom.
  7856 | D:8      | Found a shimmering altar of Xom.
  7858 | D:8      | Found a shimmering altar of Xom.
  7859 | D:8      | Found a shimmering altar of Xom.
  7867 | D:8      | Noticed Maurice
  7879 | D:8      | Killed Maurice
  7879 | D:8      | Reached **** piety under Okawaru
  7880 | D:8      | Reached skill level 9 in Fighting
  7880 | D:8      | Reached XP level 11. HP: 71/71 MP: 14/14
  7885 | D:8      | 7885 ||| INVOKING Heroism.
  7929 | D:8      | Found Zin's Purification Station.
  7937 | D:8      | Found a glowing silver altar of Zin.
  7940 | D:8      | 7940 ||| BUYING potion of curing (90 gold).
  7940 | D:8      | Bought a potion of curing for 90 gold pieces
  8119 | D:8      | Found a hide-covered altar of Uskayaw.
  8296 | D:8      | 8296 ||| READING scroll labelled ESARUSEA POETA.
  8297 | D:8      | 8297 ||| READING 2 scrolls of identify.
  8297 | D:8      | 8297 ||| IDENTIFYING ruby potion
  8334 | D:9      | Noticed a two-headed ogre
  8335 | D:9      | 8335 ||| INVOKING Heroism.
  8348 | D:9      | 8348 ||| FLEEEEING.
  8349 | D:9      | 8349 ||| INVOKING Heroism.
  8488 | D:9      | Found a broken altar of Ashenzari.
  8496 | D:9      | 8496 ||| INVOKING Heroism.
  8498 | D:9      | Noticed a white ugly thing
  8499 | D:9      | 8499 ||| RETREATING.
  8508 | D:9      | 8508 ||| Stepping ~*~*~tactically~*~*~ (retreating).
  8509 | D:9      | 8509 ||| Stepping ~*~*~tactically~*~*~ (retreating).
  8510 | D:9      | 8510 ||| Stepping ~*~*~tactically~*~*~ (retreating).
  8511 | D:9      | 8511 ||| Stepping ~*~*~tactically~*~*~ (retreating).
  8512 | D:9      | 8512 ||| Stepping ~*~*~tactically~*~*~ (retreating).
  8518 | D:9      | 8518 ||| INVOKING Heroism.
  8527 | D:9      | Killed a white ugly thing
  8532 | D:9      | HP: 15/71 [wight/+1 falchion of freezing (6)]
  8533 | D:9      | 8533 ||| READING 5 scrolls of teleportation.
  8711 | D:9      | 8711 ||| INVOKING Heroism.
  8718 | D:9      | Killed a two-headed ogre
  8718 | D:9      | Received a gift from Okawaru
  8795 | D:9      | Found a staircase to the Orcish Mines.
  8847 | D:9      | 8847 ||| INVOKING Heroism.
  8852 | D:9      | Reached skill level 14 in Ranged Weapons
  9101 | D:9      | You fall into a shaft and drop 2 floors!
  9112 | D:11     | Noticed a skeletal warrior
  9113 | D:11     | 9113 ||| INVOKING Heroism.
  9115 | D:11     | Noticed a skeletal warrior
  9116 | D:11     | 9116 ||| RETREATING.
  9119 | D:11     | Noticed a skeletal warrior
  9125 | D:11     | 9125 ||| Stepping ~*~*~tactically~*~*~ (retreating).
  9126 | D:11     | 9126 ||| Stepping ~*~*~tactically~*~*~ (retreating).
  9127 | D:11     | 9127 ||| Stepping ~*~*~tactically~*~*~ (retreating).
  9129 | D:11     | 9129 ||| Stepping ~*~*~tactically~*~*~ (retreating).
  9130 | D:11     | 9130 ||| Stepping ~*~*~tactically~*~*~ (retreating).
  9134 | D:11     | HP: 13/71 [skeletal warrior/+0 short sword (10)]
  9135 | D:11     | 9135 ||| READING 4 scrolls of teleportation.
  9138 | D:11     | HP: 2/71 [skeletal warrior/+0 trident (10)]
  9140 | D:11     | Killed a skeletal warrior
  9141 | D:11     | Reached skill level 3 in Armour
  9141 | D:11     | 9141 ||| READING 3 scrolls of teleportation.
  9143 | D:11     | Slain by a vampire mosquito

Levels and vault maps discovered:
D:1:      dpeg_arrival_fog, layout_basic
D:2:      layout_loops_ring, hangedman_decor_growths, minmay_divided_ellipse
D:3:      layout_basic, nicolae_overflow_hallway_of_the_gods
D:4:      layout_basic, dk_yredelemnul_ordeal, mainiacjoe_overflow_brackets,
          minmay_temple_entry_slanted, minmay_misc_feat_four_crosses,
          serial_bayou_pond_b, minmay_gold_behind_fungi, reono_crystal_passage
D:5:      layout_cave_pools, cheibrodos_worm_habitat,
          mainiacjoe_overflow_chevrons, ebering_ghost_disaster_area,
          amcnicky_altar_lugonu_corruption, uniq_ijyb
D:6:      layout_loops_ring, lemuel_coloured_pillars_altar, uniq_maggie,
          uniq_crazy_yiuf_cottage, uniq_edmund
D:7:      layout_cave_pods, minmay_door_square
D:8:      layout_cave_pools, nicolae_uskayaw_suspiria, xom_redecorated,
          zin_purify, dilly_guarded_unrand_elemental_staff, uniq_maurice
D:9:      layout_long_grid, nicolae_ashenzari_skybound, orc_0_dummy
D:11:     layout_big_octagon, lair_entry_dummy, serial_glass, glass_columns_b,
          glass_columns_a
Temple:   nicolae_temple_ecumenical_triangle

Skill      XL: |  1  2  3  4  5  6  7  8  9 10 11 |
---------------+----------------------------------+-----
Ranged Weapons | 5 6 7 8 9 11 13 14 | 14.0
Fighting       | 3 4 5 6 7 9 |  9.1
Dodging        | 2 3 4 |  4.5
Armour         | 1 2 3 |  3.0
Invocations    | 4 5 |  5.3
Stealth        | |  1.1

Action                     |  1- 3 |  4- 6 |  7- 9 | 10-12 || total
---------------------------+-------+-------+-------+-------++-------
   Fire: Shortbow          |    94 |   206 |   300 |       ||   600
         Orcbow            |       |       |   119 |   389 ||   508
 Invoke: Heroism           |       |       |     8 |    15 ||    23
    Use: Scroll            |     4 |     3 |     9 |     8 ||    24
         Potion            |     2 |     1 |     2 |       ||     5
 Armour: Leather armour    |    14 |    43 |     1 |       ||    58
         Ring mail         |       |       |   121 |       ||   121
         Steam dragon scal |       |       |     2 |    75 ||    77
  Dodge: Dodged            |    26 |    45 |    94 |   184 ||   349
  Block: Other             |       |       |    23 |    48 ||    71
         Reflection        |       |       |     2 |     1 ||     3

Table legend:
 A = Non-vault XP
 B = Vault XP
 C = Vault XP percentage of total XP
 D = Non-vault monster count
 E = Vault monster count
 F = Vault count percentage of total count
                 A         B        C        D         E       F
            +---------+---------+-------+---------+---------+-------
      Total |    9560 |    3598 |  27.3 |     206 |      29 |  12.3
            +---------+---------+-------+---------+---------+-------
        D:1 |      28 |       0 |   0.0 |      18 |       0 |   0.0
        D:2 |      27 |      99 |  78.6 |      11 |      12 |  52.2
        D:3 |      60 |       0 |   0.0 |      19 |       0 |   0.0
        D:4 |     433 |      77 |  15.1 |      26 |       5 |  16.1
        D:5 |     609 |      37 |   5.7 |      14 |       2 |  12.5
        D:6 |    2409 |     571 |  19.2 |      38 |       2 |   5.0
        D:7 |    1321 |       0 |   0.0 |      21 |       0 |   0.0
        D:8 |    1342 |    2814 |  67.7 |      32 |       8 |  20.0
        D:9 |    2572 |       0 |   0.0 |      26 |       0 |   0.0
       D:11 |     759 |       0 |   0.0 |       1 |       0 |   0.0
            +---------+---------+-------+---------+---------+-------
